 Dungeon Crawl Stone Soup version 0.22-a0-284-g99d1f7439c (webtiles) character file.

86 Manul the Skirmisher (level 4, -1/35 HPs)
             Began as a Demonspawn Fighter on Mar 21, 2018.
             Killed by nerve-wracking pain
             ... invoked by an orc priest
              (11 damage)
             ... on level 3 of the Dungeon.
             The game lasted 00:02:17 (2748 turns).

Manul the Skirmisher (Demonspawn Fighter)           Turns: 2748, Time: 00:02:18

Health: -1/35      AC:  8    Str: 22    XL:     4   Next: 27%
Magic:  4/4        EV:  7    Int:  9    God:
Gold:   162        SH:  9    Dex: 13    Spells: 3/3 levels left

rFire    . . .     SeeInvis .     - Unarmed
rCold    . . .     Gourm    .   b - +0 shield
rNeg     . . .     Faith    .   a - +0 scale mail
rPois    .         Spirit   .   (no helmet)
rElec    .         Reflect  .   (no cloak)
rCorr    .         Harm     .   m - +0 pair of gloves
MR       .....                  (no boots)
Stlth    ..........             (no amulet)
HPRegen  0.11/turn              j - ring of flight
MPRegen  0.09/turn              (no ring)

@: mighty
A: powered by pain 2
a: Evoke Flight


You were on level 3 of the Dungeon.
You were not hungry.

You visited 1 branch of the dungeon, and saw 3 of its levels.

You collected 162 gold pieces.

Inventory:

Armour
 a - a +0 scale mail (worn)
 b - a +0 shield (worn)
 m - a +0 pair of gloves (worn)
Jewellery
 j - a ring of flight (left hand)
Wands
 n - a wand of disintegration (6)
Scrolls
 e - 2 scrolls of identify {unknown}
 f - a scroll of remove curse {unknown}
 g - 4 scrolls of fear {unknown}
 i - 5 scrolls of teleportation {unknown}
 k - 2 scrolls of immolation {unknown}
 l - a scroll of enchant weapon {unknown}
Potions
 c - a potion of might
 h - a potion of magic
Comestibles
 d - 4 rations
 o - 3 chunks of flesh


   Skills:
 + Level 3.3 Fighting
 + Level 3.2 Armour
 + Level 0.8 Dodging
 + Level 3.0 Shields
 + Level 3.0 Unarmed Combat


You had 3 spell levels left.
You didn't know any spells.

Dungeon Overview and Level Annotations

Branches:
Dungeon (3/15)

Altars:


Innate Abilities, Weirdness & Mutations

You sometimes gain power by taking damage.


Message History

The orc hits you.
It was a potion of magic.
Magic courses through your body. The orc priest closely misses you.
You block the orc's attack.
You feel very mighty all of a sudden. The orc hits you but does no damage.
You punch the orc!
You kill the orc!
Your Unarmed Combat skill increases to level 3!
You block the orc priest's attack. The orc priest hits you with a trident.
You see here an orc corpse.
You punch the orc priest!
The orc priest is heavily wounded.
The orc priest hits you with a trident.
* * * LOW HITPOINT WARNING * * *
You hit the orc priest.
The orc priest is almost dead.
The orc priest mumbles some strange prayers to Beogh against you.
Pain shoots through your body!
You die...

####....#
#.#
........#
#.#
####.####
#.#
........#
#.#
####.##.#
#.#
......#.#
#.#
#######>#
#o#
#######.#
#o#########
........#
#.@........
#######.#
###########
###


You could see an orc priest and an orc.

Vanquished Creatures
  3 adders
  A worm (D:2)
  A dart slug (D:1)
  2 leopard geckos (D:1)
  2 orcs (D:3)
  3 ball pythons
  3 giant cockroaches
  4 goblins
  11 hobgoblins
  3 jackals (D:1)
  4 bats
  4 frilled lizards
  2 kobolds
  5 rats
48 creatures vanquished.

Notes
Turn   | Place    | Note
-------+----------+-------------------------------------------
     0 | D:1      | Manul the Demonspawn Fighter began the quest for the Orb.
     0 | D:1      | Reached XP level 1. HP: 18/18 MP: 1/1
   419 | D:1      | Gained mutation: You sometimes gain a little power by taking damage. [demonic ancestry]
   419 | D:1      | Reached XP level 2. HP: 17/24 MP: 2/2
   995 | D:1      | Reached XP level 3. HP: 26/29 MP: 3/3
  2415 | D:2      | Gained mutation: You sometimes gain power by taking damage. [demonic ancestry]
  2415 | D:2      | Reached XP level 4. HP: 34/35 MP: 4/4
  2587 | D:3      | Found a faded altar of an unknown god.
  2748 | D:3      | Killed from afar by an orc priest

Vault maps used:
D:1:      roderic_crop_circles_arrival_small
D:3:      first_ration, chequers_ecumenical_altar_simple,
          grunt_dithmenos_smoke_and_mirrors

Skill      XL: |  1  2  3  4 |
---------------+-------------+-----
Unarmed Combat | 2 3 |  3.0
Armour         | 3 |  3.2
Shields        | 3 |  3.0
Fighting       | |  3.3
Dodging        | |  0.8

Action                   |  1- 3 |  4- 6 || total
-------------------------+-------+-------++-------
Melee: Unarmed           |   216 |    29 ||   245
  Use: Potion            |       |     2 ||     2
  Eat: Chunk             |     4 |     2 ||     6
Armor: Scale mail        |    77 |     8 ||    85
Dodge: Dodged            |    50 |     3 ||    53
Block: Shield            |    83 |    14 ||    97

Table legend:
 A = Spawn XP
 B = Non-spawn XP
 C = Spawn XP percentage of total XP
 D = Spawn monster count
 E = Non-spawn monster count
 F = Spawn count percentage of total count
 G = Total turns spent on level
                    A         B        C        D         E        F      G
               +---------+---------+-------+---------+---------+-------+---------
         Total |       0 |     124 |   0.0 |       0 |      48 |   0.0 |  2748
               +---------+---------+-------+---------+---------+-------+---------
           D:1 |       0 |      47 |   0.0 |       0 |      26 |   0.0 |  1223
           D:2 |       0 |      52 |   0.0 |       0 |      16 |   0.0 |  1325
           D:3 |       0 |      25 |   0.0 |       0 |       6 |   0.0 |   200
               +---------+---------+-------+---------+---------+-------+---------
